 Dungeon Crawl Stone Soup version 0.18.1-47-g9310371 (webtiles) character file.

180 Peloso the Covered (level 5, -6/47 HPs)
             Began as a Minotaur Fighter on June 19, 2016.
             Killed from afar by Ijyb (17 damage)
             ... with a wand of lightning
             ... on level 3 of the Dungeon.
             The game lasted 00:04:00 (1718 turns).

Peloso the Covered (Minotaur Fighter)               Turns: 1718, Time: 00:04:00

Health: -6/47      AC:  9    Str: 26    XL:     5   Next: 33%
Magic:  4/4        EV:  8    Int:  5    God:
Gold:   66         SH: 10    Dex: 10    Spells: 0 memorised, 4 levels left

rFire  . . .     SeeInvis .     a - +0 long sword
rCold  . . .     Gourm    .     b - +0 scale mail
rNeg   . . .     Faith    .     c - +0 shield
rPois  .         Spirit   .     (helmet restricted)
rElec  .         Dismiss  .     h - +0 cloak
rCorr  .         Reflect  .     r - +0 pair of gloves
SustAt .         Harm     .     (no boots)
MR     .....                    q - amulet of regeneration
Stlth  ..........               (no ring)
                                p - +5 ring of strength

@: not resistant to hostile enchantments, extremely unstealthy
A: retaliatory headbutt, horns 2
a: no special abilities


You were on level 3 of the Dungeon.
You were not hungry.

You visited 1 branch of the dungeon, and saw 3 of its levels.

You collected 66 gold pieces.

Inventory:

Hand Weapons
 a - a +0 long sword (weapon)
Armour
 b - a +0 scale mail (worn)
 c - a +0 shield (worn)
 h - a +0 cloak (worn)
 r - a +0 pair of gloves (worn)
Jewellery
 p - a +5 ring of strength (left hand)
 q - an amulet of regeneration (around neck)
Scrolls
 e - 3 scrolls of identify {unknown}
 i - a scroll of teleportation {unknown}
 j - a scroll of random uselessness {unknown}
 n - a scroll of magic mapping {unknown}
Potions
 d - a potion of might
 g - a potion of curing {unknown}
 k - 2 potions of magic {unknown}
 l - 2 potions of cancellation {unknown}
 t - a potion of heal wounds {unknown}
Comestibles
 f - 2 bread rations
 m - 8 fruits
 o - a slice of pizza
 s - 2 chunks of flesh


   Skills:
 + Level 4.4 Fighting
 + Level 3.1 Long Blades
 + Level 5.1 Armour
 + Level 2.1 Dodging
 + Level 0.1 Stealth
 + Level 4.5 Shields


You had 4 spell levels left.
You didn't know any spells.

Dungeon Overview and Level Annotations

Branches:
Dungeon (3/15)

Altars:

Annotations:
D:3 Ijyb


Innate Abilities, Weirdness & Mutations

You reflexively headbutt those who attack you in melee.
You have a pair of horns on your head.


Message History

The jackal barely misses you. You furiously retaliate!
You headbutt the jackal!
You kill the jackal!
The jackal bites you.
Ijyb the Twisted Goblin comes into view.
He is wielding a club.
You closely miss the bat.
Ijyb shouts!
You headbutt the bat, but do no damage. You block the bat's attack.
The jackal barely misses you.
Ijyb zaps a wand.
The bolt of lightning hits you!
It is a wand of lightning.
The jackal bites you but does no damage.
Unknown command.
You hit the jackal but do no damage. You headbutt the jackal.
You kill the jackal!
The bat hits you but does no damage.
Ijyb moves out of view.
Unknown command.
The bat barely misses you.
Ijyb zaps a wand.
The bolt of lightning hits you!
* * * LOW HITPOINT WARNING * * *
A rat comes into view.
Ijyb zaps a wand.
The bolt of lightning hits you!
You die...

#.# ## #.# .. #)#
####.##.#######
....h..........
##...##†######.
##.#.##?†..####.#
........b.......#
.###..###@.###..
#.. #..# #. #g.#
.. .... ## #..##
#..# #..# ...r


You could see Ijyb, a bat and a rat.

Vanquished Creatures
  Natasha (twice) (D:3)
  4 gnolls (D:3)
  3 adders
  A worm (D:3)
  A dart slug (D:2)
  2 giant geckos (D:2)
  5 bats
  4 giant cockroaches
  8 goblins
  5 hobgoblins
  5 jackals
  5 kobolds
  2 quokkas (D:2)
  A ball python (D:1)
  3 giant newts
  5 rats
56 creatures vanquished.

Notes
Turn   | Place    | Note
--------------------------------------------------------------
     0 | D:1      | Peloso the Minotaur Fighter began the quest for the Orb.
     0 | D:1      | Reached XP level 1. HP: 19/19 MP: 0/0
   115 | D:1      | Reached XP level 2. HP: 21/27 MP: 1/1
   144 | D:1      | Reached skill level 4 in Armour
   662 | D:2      | Reached XP level 3. HP: 29/33 MP: 2/2
   717 | D:2      | Reached skill level 1 in Dodging
  1318 | D:3      | Reached XP level 4. HP: 30/40 MP: 3/3
  1411 | D:3      | Noticed Natasha
  1416 | D:3      | Killed Natasha
  1416 | D:3      | Reached skill level 5 in Armour
  1416 | D:3      | Reached XP level 5. HP: 47/47 MP: 4/4
  1474 | D:3      | Noticed Natasha
  1479 | D:3      | Killed Natasha
  1715 | D:3      | Noticed Ijyb
  1718 | D:3      | Killed from afar by Ijyb

Skill      XL: |  1  2  3  4  5 |
---------------+----------------+-----
Armour         | 4 5 |  5.1
Shields        | 4 |  4.5
Dodging        | 1 2 |  2.1
Fighting       | 4 |  4.4
Long Blades    | 3 |  3.1
Stealth        | |  0.1

Action                   |  1- 3 |  4- 6 || total
-------------------------+-------+-------++-------
Melee: Long sword        |    77 |    42 ||   119
       Headbutt          |     9 |    10 ||    19
  Eat: Chunk             |     1 |     2 ||     3
Armor: Scale mail        |    30 |    18 ||    48
Dodge: Dodged            |    23 |    15 ||    38
Block: Shield            |    43 |    35 ||    78
